 Dungeon Crawl Stone Soup version 0.31-a0-496-g6f97920a28 (webtiles) character file.

Game seed: 6323651850413847725

68 randomguy2701 the Grave Robber (level 4, -2/24 HPs)
             Began as a Deep Elf Necromancer on Aug 8, 2023.
             Slain by a sleepcap (14 damage)
             ... on level 3 of the Dungeon.
             The game lasted 00:02:31 (1836 turns).

randomguy2701 the Grave Robber (DENe)               Turns: 1836, Time: 00:02:32

Health: -2/24      AC:  2    Str:  5    XL:     4   Next: 1%
Magic:  6/12       EV:  2    Int: 22    God:
Gold:   107        SH:  0    Dex: 15    Spells: 11/12 levels left

rFire   . . .        (no weapon)
rCold   . . .        (no shield)
rNeg    . . .        a - +0 robe
rPois   .            (no helmet)
rElec   .            (no cloak)
rCorr   .            (no gloves)
SInv    .            (no boots)
Will    .....        (no amulet)
Stlth   ++           (no ring)
HPRegen 0.24/turn    (no ring)
MPRegen 0.13/turn

%: no passive effects
@: sleeping
A: no striking features
a: no special abilities


You were on level 3 of the Dungeon.
You visited 1 branch of the dungeon, and saw 3 of its levels.

You collected 107 gold pieces.

Inventory:

Armour
 a - a +0 robe (worn)
Jewellery
 h - a ring of fire
 l - a ring of positive energy
Scrolls
 d - a scroll of fog {unknown}
 e - a scroll of acquirement {unknown}
 f - a scroll of identify {unknown}
 g - a scroll of amnesia {unknown}
 i - a scroll of vulnerability {unknown}
 j - a scroll of immolation {unknown}
 k - 3 scrolls of revelation {unknown}
 o - a scroll of blinking {unknown}
Potions
 b - a potion of magic
 c - a potion of attraction {unknown}
 m - a potion of mutation {unknown}
 n - a potion of heal wounds {unknown}
 p - a potion of might {unknown}


   Skills:
 + Level 2.5 Dodging
 + Level 2.6 Stealth
 + Level 4.5 Spellcasting
 + Level 5.8 Necromancy


You had 11 spell levels left.
You knew the following spells:

 Your Spells              Type           Power      Damage    Failure   Level
a - Necrotise             Necr           100%       1d9       1%          1

Your spell library contained the following spells:

 Spells                   Type           Power      Damage    Failure   Level
 Vampiric Draining        Necr           30%        2d8       2%          3
 Animate Dead             Necr           30%        N/A       10%         4
 Agony                    Necr           30%        N/A       26%         5
 Cause Fear               Hex            2%         N/A       71%         4
 Fireball                 Conj/Fire      2%         3d4       96%         5
 Dragon's Call            Summ           2%         N/A       100%        9


Dungeon Overview and Level Annotations

Branches:
Dungeon (3/15)

Altars:


Message History

A ball python is nearby!
A ball python is nearby!
A ball python is nearby!
You see here a bubbling orange potion.
The ball python hisses angrily.
The ball python writhes in agony.
The ball python writhes in agony!
You kill the ball python!
The dead are slithering!
You can't see any susceptible monsters within range! (Use Z to cast anyway.)
p - a bubbling orange potion You swap places.
A kobold comes into view. It is wielding a +0 whip.
A kobold is nearby!
A kobold is nearby!
A kobold is nearby!
The kobold shouts!
The kobold writhes in agony.
The kobold writhes in agony.
You kill the kobold!
The dead are walking!
Your ball python skeleton crumbles into dust!
You have reached level 4!
You feel clever.
Your kobold skeleton crumbles into dust!
A sleepcap comes into view.
A sleepcap is nearby!
A sleepcap is nearby!
The sleepcap writhes in agony.
The sleepcap releases spores at you but does no damage.
The sleepcap writhes in agony!
The sleepcap barely misses you.
The sleepcap writhes in agony!
The sleepcap releases spores at you.
The sleepcap writhes in agony.
The sleepcap releases spores at you.
The sleepcap writhes in agony.
The sleepcap barely misses you.
The sleepcap barely resists.
The sleepcap releases spores at you.
You are engulfed in a cloud of soporific spores!
You fall asleep.
The sleepcap releases spores at you!
Ouch! That really hurt!
You die...

#.# #.# #( ##.## ### #.
#.# #...### #.. ..# #.#
#..... #.# #.# #.# .....
#.# #.# #.# #f#.# #.# #.#
#.# #@#.# #.#
#.###.#####.#.#
##.###.............##
.<..........####....#
##.#...#.#..# ####.#
#.##.......# #.#
#.##..#.#..# #.#
#(###......#######.####.##
#<# ###.##................


You could see a sleepcap.

Vanquished Creatures
  3 adders
  2 worms (D:2)
  6 ball pythons
  An endoplasm (D:1)
  A giant cockroach (D:1)
  4 goblins (D:1)
  4 hobgoblins (D:1)
  4 kobolds
  A quokka (D:1)
  3 bats
  A rat (D:1)
30 creatures vanquished.

Vanquished Creatures (collateral kills)
  A ball python (D:1)
  An endoplasm (D:1)
  2 goblins (D:1)
4 creatures vanquished.

Grand Total: 34 creatures vanquished

Notes
Turn   | Place    | Note
-------+----------+-------------------------------------------
     0 | D:1      | randomguy2701 the Deep Elf Necromancer began the quest for
                  | the Orb.
     0 | D:1      | Reached XP level 1. HP: 10/10 MP: 6/6
    53 | D:1      | Reached skill level 5 in Necromancy
    69 | D:1      | Reached XP level 2. HP: 15/15 MP: 0/8
   346 | D:1      | You fall into a shaft and drop 1 floor!
   647 | D:2      | Found a faded altar of an unknown god.
   671 | D:2      | Reached XP level 3. HP: 19/19 MP: 2/10
  1788 | D:3      | Reached XP level 4. HP: 24/24 MP: 8/12
  1836 | D:3      | Slain by a sleepcap

Illustrated notes

Levels and vault maps discovered:
D:1:      lemuel_arrival_muddy, layout_loops_ring, minmay_misc_feat_tower,
          st_stairs_5
D:2:      layout_loops_ring, ebering_ecumenical_altar_petrified
D:3:      layout_loops_ring, serial_glass, glass_columns_b, glass_columns_a

Skill      XL: |  1  2  3 |
---------------+----------+-----
Necromancy     | 5 |  5.8
Spellcasting   | 4 |  4.5
Dodging        | |  2.5
Stealth        | |  2.6

Action                     |  1- 3 |  4- 6 || total
---------------------------+-------+-------++-------
  Melee: Unarmed           |     3 |       ||     3
         Punch             |     1 |       ||     1
   Cast: Necrotise         |    60 |     6 ||    66
 Armour: Robe              |     4 |     1 ||     5
  Dodge: Dodged            |    14 |     2 ||    16

Table legend: (Time is in decaauts)
 A = Elapsed time spent in this place.
 B = Non-inter-level travel time spent in this place.
 C = Inter-level travel time spent in this place.
 D = Time resting spent in this place.
 E = Time spent auto-exploring this place.
 F = Levels seen in this place.
 G = Mean time per level.
                   A        B        C        D        E       F      G
               +--------+--------+--------+--------+--------+-----+--------+
         Total |   1838 |   1782 |     56 |      0 |   1579 |   3 |  612.7 |
       Dungeon |   1838 |   1782 |     56 |      0 |   1579 |   3 |  612.7 |
               +--------+--------+--------+--------+--------+-----+--------+

Top non-repeatable levels by time:
     D:1: 947 daAuts
     D:2: 727 daAuts
     D:3: 163 daAuts
